[Event "Early-Titled-Tuesday-Blitz-March-19-2024"]
[Site "Chess.com"]
[Date "2024.03.19"]
[Round "8"]
[White "kassablanca"]
[Black "xasid81"]
[Result "1-0"]
[WhiteElo "2769"]
[BlackElo "2589"]
[TimeControl "180+1"]
[EndTime "9:30:05 PDT"]
[Termination "kassablanca won by resignation"]

1. b3 d5 2. Bb2 c6 3. e3 Bf5 4. Nf3 e6 5. Be2 h6 6. c4 Nf6 7. Nc3 Nbd7 8. O-O Bd6 9. d4 O-O 10. Bd3 Bxd3 11. Qxd3 Qe7 12. a4 e5 13. Qf5 e4 14. Nd2 Qe6 15. Qxe6 fxe6 16. Ba3 Bxa3 17. Rxa3 e5 18. dxe5 Nxe5 19. cxd5 cxd5 20. Nb5 a6 21. Nd4 Rac8 22. a5 Rc3 23. Nb1 Rcc8 24. b4 Nfg4 25.
Rc3 Nd3 26. h3 Nge5 27. b5 Nc4 28. bxa6 bxa6 29. Nb3 Rf6 30. N1d2 Rb8 31. Nxc4 dxc4 32. Nd2 Rc6 33. Rxc4 Rxc4 34. Nxc4 Rb4 35. Nd6 Ra4 36. Rb1 Rxa5 37. Rb8+ Kh7 38. Nxe4 Ra4 39. f3 Ra2 40.
Rd8 Ne1 41. Rd2 Rxd2 42. Nxd2 Nc2 43. Nc4 a5 44. Nxa5 Nxe3 45. Kf2 Nd1+ 46. Ke2 Nc3+ 47.
Kd3 Nd5 48. Ke2 Nf4+ 49. Kf2 Nd5 50. g3 Kg6 51. Nc4 Kf6 52. h4 g5 53. h5 Kf5 54.
Ne3+ Nxe3 55. Kxe3 Ke5 56. Kd3 Kd5 57. f4 g4 58. Ke3 Ke6 59. Ke4 Kf6 60. Kd5 Kf5 61.
Kd4 Kf6 62. Ke4 Ke6 63. f5+ Kf6 64. Kf4 Ke7 65. Kxg4 1-0

[Event "Early-Titled-Tuesday-Blitz-March-19-2024"]
[Site "Chess.com"]
[Date "2024.03.19"]
[Round "8"]
[White "stepanosinovsky"]
[Black "mary-sanna"]
[Result "1-0"]
[WhiteElo "2339"]
[BlackElo "2197"]
[TimeControl "180+1"]
[EndTime "9:30:05 PDT"]
[Termination "stepanosinovsky won by resignation"]

1. e4 c5 2. Nf3 Nc6 3. Bb5 g6 4. O-O Bg7 5. Re1 Nf6 6. e5 Nd5 7. Bxc6 dxc6 8. h3 O-O 9. d3 Qc7 10. Bd2 b5 11. Qc1 Rd8 12. Bh6 Bh8 13. Qg5 Be6 14.
Nbd2 Nb4 15. Qh4 Nxc2 16. Bg5 Nxe1 17. Rxe1 Rxd3 18. Bxe7 Re8 19. Bf6 Bd5 20. Ne4 Bxe4 21. Rxe4 Rd1+ 22. Kh2 Bxf6 23. Qxf6 Qe7 24. Qf4 Kg7 25.
Re3 h6 26. h4 Rd5 27. g3 Qe6 28. Kg2 b4 29. Qc4 a5 30. b3 Ra8 31. Qe4 a4 32.
Qc4 axb3 33. axb3 Ra2 34. Qe4 Rb2 35. Qc4 Rd1 36. Qxc5 Rxb3 37. Nd4 Rxe3 38. Nxe6+ fxe6 39. Qe7+ Kg8 40. Qxe6+ Kg7 41. Qe7+ Kg8 42. Qe8+ Kg7 43. Qe7+ Kg8 44. fxe3 Rd2+ 45. Kf3 b3 46. Qe6+ Kg7 47. Qxb3 Rd7 48. Qe6 Rf7+ 49. Ke4 c5 50. Qc6 g5 51. Qxc5 gxh4 52. gxh4 Kg6 53. Qd6+ Kh5 54. Qe6 Rf4+ 55.
exf4 Kxh4 56. Qxh6+ Kg3 57. e6 Kf2 58. e7 1-0

[Event "Early-Titled-Tuesday-Blitz-March-19-2024"]
[Site "Chess.com"]
[Date "2024.03.19"]
[Round "8"]
[White "ahkashefi2800"]
[Black "Makswolf200817"]
[Result "1-0"]
[WhiteElo "2595"]
[BlackElo "2744"]
[TimeControl "180+1"]
[EndTime "9:30:06 PDT"]
[Termination "ahkashefi2800 won on time"]

1. Nf3 d5 2. c4 e6 3. cxd5 exd5 4.
d4 c6 5. Nc3 Bf5 6. Bf4 Nf6 7.
e3 Be7 8. Bd3 Bxd3 9. Qxd3 O-O 10. O-O Nbd7 11. Rab1 a5 12. Rfc1 Re8 13. Ne5 Nb6 14.
h3 Nfd7 15. Qf5 Nxe5 16. Bxe5 Bd6 17. Bxd6 Qxd6 18. b3 Re6 19. Na4 Rf6 20. Qc2 Nc8 21. Nc5 Qe7 22. Re1 Nd6 23. a3 Re8 24. f3 Rg6 25. e4 dxe4 26. Nxe4 Rd8 27. Rbd1 Nb5 28. Nc5 Qc7 29. a4 Nd6 30. Re5 h6 31. Rde1 Kh7 32.
Re7 Qb6 33. h4 Kg8 34. Kh1 Qb4 35. Qd3 h5 36. R1e5 b6 37. Nd7 Qa3 38. Kh2 Qc1 39.
g3 Qb2+ 40. Kh3 Qa1 41. Kg2 Qb2+ 42. Re2 Qa3 43. Ne5 Rf6 44. Nxc6 Rc8 45. Ne5 Nf5 46.
Rd7 Rc1 47. Rd8+ Kh7 48. g4 Qa1 49. gxf5 Rg1+ 50. Kf2 Qf1+ 51. Ke3 1-0

[Event "Early-Titled-Tuesday-Blitz-March-19-2024"]
[Site "Chess.com"]
[Date "2024.03.19"]
[Round "8"]
[White "Manukyan_Artak"]
[Black "Leo_C"]
[Result "1/2-1/2"]
[WhiteElo "2479"]
[BlackElo "2645"]
[TimeControl "180+1"]
[EndTime "9:30:06 PDT"]
[Termination "Game drawn - insufficient material"]

1. e4 c5 2. Nf3 d6 3. Bb5+ Bd7 4. Bxd7+ Nxd7 5. c4 Ngf6 6. Nc3 e6 7. O-O Be7 8. d4 cxd4 9. Nxd4 Rc8 10. Qe2 Qa5 11. Rd1 a6 12. Bd2 Qc5 13. Nb3 Qxc4 14. Qxc4 Rxc4 15.
Na5 Rc7 16. Bf4 Ne5 17. Bxe5 dxe5 18. f3 Bb4 19. Nb3 Ke7 20. Rac1 Rhc8 21. Ne2 Nd7 22. Rxc7 Rxc7 23. Rc1 Rxc1+ 24. Nexc1 b6 25. Nd3 Bd6 26. Kf2 Nb8 27. Nd2 Nc6 28. Nc4 Bc7 29. a4 f6 30.
g4 Kd7 31. b4 Nd4 32. Ke3 Nb3 33. h4 Kc6 34. g5 b5 35. axb5+ Kxb5 36. gxf6 gxf6 37.
Na3+ Kc6 38. Nc4 Bb6+ 39. Nxb6 Kxb6 40. f4 exf4+ 41. Nxf4 Kb5 42. Nxe6 Kxb4 43. Nc7 a5 44. Nd5+ Kc4 45. Nxf6 a4 46. e5 a3 47. e6 a2 48.
e7 a1=Q 49. e8=Q Qd4+ 50. Ke2 Nc1+ 51. Ke1 Nd3+ 52. Ke2 Qf2+ 53. Kd1 Qf1+ 54. Kd2 Qf4+ 55. Qe3 Qh2+ 56. Qe2 Qf4+ 57. Qe3 Qh2+ 58. Qe2 Qxe2+ 59. Kxe2 Ne5 60. Nxh7 Kd5 61. Ke3 Ke6 62. Kf4 Ng6+ 63. Kg5 Nxh4 1/2-1/2

[Event "Early-Titled-Tuesday-Blitz-March-19-2024"]
[Site "Chess.com"]
[Date "2024.03.19"]
[Round "8"]
[White "jraosam"]
[Black "Chessbard1972"]
[Result "0-1"]
[WhiteElo "2005"]
[BlackElo "2327"]
[TimeControl "180+1"]
[EndTime "9:30:06 PDT"]
[Termination "Chessbard1972 won by checkmate"]

1. d4 Nf6 2. c4 g6 3. Nc3 Bg7 4. e4 d6 5. Nf3 O-O 6. Be2 Na6 7. O-O c5 8. h3 cxd4 9. Nxd4 Nc5 10. f3 Qb6 11. Be3 Qxb2 12. Ndb5 a6 13. Rb1 Qxb1 14. Qxb1 axb5 15. Nxb5 Bd7 16. e5 Ne8 17. exd6 exd6 18.
Nxd6 Na4 19. Nxe8 Rfxe8 20. Qxb7 Bf5 21. Kf2 Nc3 22. a4 Nxe2 23. Kxe2 Bd4 24. Re1 Bxe3 25.
f4 Rad8 26. Kf3 Be4+ 27. Qxe4 Rxe4 28. Kxe4 Bc5 29. Rc1 Kf8 30. f5 Ke7 31. fxg6 hxg6 32.
Rc3 Rd4+ 33. Kf3 Rd2 34. Rb3 Rc2 35. Rb7+ Ke6 36. Ke4 Rxc4+ 37. Kd3 Rxa4 38. Rb5 Bd6 39. Rb2 f5 40. Re2+ Be5 41. Ke3 Ra3+ 42. Kf2 Kf6 43. g4 Rxh3 44. gxf5 gxf5 45. Kg1 f4 46. Ra2 Kf5 47. Ra8 Ke4 48. Ra4+ Bd4+ 49. Kg2 Rg3+ 50. Kh2 Rc3 51. Ra2 Be3 52. Ra4+ Kf3 53. Kh3 Rc7 54. Ra2 Rh7# 0-1

[Event "Early-Titled-Tuesday-Blitz-March-19-2024"]
[Site "Chess.com"]
[Date "2024.03.19"]
[Round "8"]
[White "Grischuk"]
[Black "Bauman_Guy"]
[Result "1/2-1/2"]
[WhiteElo "3088"]
[BlackElo "2932"]
[TimeControl "180+1"]
[EndTime "9:30:07 PDT"]
[Termination "Game drawn by repetition"]

1. d4 Nf6 2. c4 e6 3. Bg5 h6 4. Bh4 c5 5. d5 exd5 6. cxd5 d6 7. e4 g5 8. Bg3 Bg7 9. Nc3 O-O 10. Bd3 a6 11. h4 g4 12. h5 b5 13. Nge2 Qc7 14.
Bf4 b4 15. Na4 Re8 16. Qc2 Nbd7 17. Kf1 Ne5 18. Bxe5 Rxe5 19. Ng3 Bd7 20. Rc1 c4 21. Bxc4 Bxa4 22. Qxa4 Nxe4 23. Nxe4 Rxe4 24. Qc2 Qe7 25. g3 Rc8 26. b3 Bc3 27. Kg2 a5 28.
Qd3 Rd4 29. Qf5 Qe4+ 30. Qxe4 Rxe4 31. Rcd1 Kg7 32. Bd3 Re5 33. Bb1 Re2 34. Rh4 f5 35. Bxf5 Rf8 36. Be6 Rfxf2+ 37. Kh1 Kf6 38. Bxg4 Rxa2 39.
Be6 Be5 40. Rh3 Rf3 41. Re1 Rxb3 42. Rf1+ Ke7 43. Rf7+ Ke8 44. Rf1 Rab2 45. Rh4 Rb1 46. Rxb1 Rxb1+ 47. Kg2 a4 48. Rc4 a3 49. Rc8+ Ke7 50.
Rc7+ Kd8 51. Rc8+ Ke7 52. Rc7+ Kf8 53. Rc8+ Kg7 54. Rc7+ Kh8 55. Rc8+ Kg7 56. Rc7+ Kf8 57. Rc8+ Ke7 1/2-1/2

[Event "Early-Titled-Tuesday-Blitz-March-19-2024"]
[Site "Chess.com"]
[Date "2024.03.19"]
[Round "8"]
[White "Shahdad2007"]
[Black "kenta1234"]
[Result "1/2-1/2"]
[WhiteElo "2609"]
[BlackElo "2800"]
[TimeControl "180+1"]
[EndTime "9:30:07 PDT"]
[Termination "Game drawn - insufficient material"]

1. e4 e5 2. Nf3 Nc6 3. Bc4 Bc5 4. c3 Nf6 5. d4 exd4 6. e5 d5 7. Bb5 Ne4 8. cxd4 Bb4+ 9. Bd2 Nxd2 10. Nbxd2 Bd7 11.
Bxc6 Bxc6 12. O-O O-O 13. a3 Be7 14. Rc1 Bd7 15. Re1 Be6 16. Nf1 b6 17. Ne3 c5 18.
dxc5 bxc5 19. Qd2 Rb8 20. Red1 d4 21. Nc4 Bd5 22. Qe2 Qd7 23. Nfd2 Qe6 24. f4 Qg6 25. Rf1 Qh6 26. Ne4 Qa6 27. Ned2 f5 28. exf6 Bxf6 29. Qh5 Bf7 30. Qxc5 Rfc8 31. Qa5 Bxc4 32. Nxc4 Qxa5 33.
Nxa5 Rxc1 34. Rxc1 Rxb2 35. Nc4 Ra2 36. g4 h6 37. f5 Kf7 38. Nd6+ Ke7 39. Ne4 Be5 40.
h4 Bf4 41. Rd1 Be3+ 42. Kf1 Rxa3 43. g5 hxg5 44. hxg5 Ra5 45. f6+ gxf6 46. gxf6+ Kf7 47.
Ke2 Ra2+ 48. Kd3 Ra3+ 49. Kc4 Ra4+ 50. Kd5 Ra5+ 51. Kc4 Re5 52. Kd3 a5 53. Rb1 Rxe4 54.
Kxe4 Kxf6 55. Ra1 Bd2 56. Kxd4 Bb4 57. Kc4 Ke6 58. Rd1 Ke5 59. Kb3 Ke4 60. Ka4 Ke3 61. Rb1 Ke2 62. Rxb4 axb4 63. Kxb4 1/2-1/2

[Event "Early-Titled-Tuesday-Blitz-March-19-2024"]
[Site "Chess.com"]
[Date "2024.03.19"]
[Round "8"]
[White "Aswathchess"]
[Black "LLariMarc"]
[Result "0-1"]
[WhiteElo "2618"]
[BlackElo "2457"]
[TimeControl "180+1"]
[EndTime "9:30:07 PDT"]
[Termination "LLariMarc won by resignation"]

1. d4 f5 2. c4 Nf6 3. Nc3 e6 4. g3 d5 5. Bg2 c6 6. Nf3 Bd6 7. O-O O-O 8. Qc2 Ne4 9. Nd2 Nd7 10. Ndxe4 fxe4 11. f3 exf3 12. Rxf3 Rxf3 13. Bxf3 Qf6 14. Qd3 dxc4 15. Qxc4 Nb6 16. Qd3 e5 17. Ne4 Qf8 18. Qb3+ Kh8 19. Ng5 Nd5 20. Bxd5 cxd5 21. Qxd5 Be7 22.
Nf7+ Kg8 23. Nxe5+ Kh8 24. Bg5 Bf6 25. Rf1 Bh3 26.
Nf7+ Kg8 27. Ne5+ Kh8 28. Rf4 Qe7 29. Nf7+ Kg8 30. Nd6+ Kh8 31. Re4 Qf8 32. Nf7+ Kg8 33.
Nd8+ Kh8 34. Bxf6 gxf6 35. Nf7+ Kg7 36. Rh4 Qc8 37. Qh5 Bf5 38. Nd6 Qc1+ 39. Kg2 Bg6 40.
Qd5 Qxb2 41. Nf5+ Kh8 42. Qe6 Qb6 43. d5 Qxe6 44. dxe6 Bxf5 45. Rf4 Bxe6 46. Rxf6 Bxa2 47. Kf2 Bd5 48. Rf4 a5 49. Ke3 a4 50. Kd4 Bc6 51. Rf1 a3 52. Ra1 a2 53. Kc5 Kg7 54. Kb4 Kf6 55. Kb3 Ke5 56. Kb2 Ke4 57. Rxa2 Rxa2+ 58. Kxa2 Ke3 59. g4 Kxe2 60. h4 Kf3 61. g5 Kg4 62. h5 Kxh5 63. g6 Kxg6 0-1

[Event "Early-Titled-Tuesday-Blitz-March-19-2024"]
[Site "Chess.com"]
[Date "2024.03.19"]
[Round "8"]
[White "vladgoncharov"]
[Black "emeli_chess"]
[Result "1-0"]
[WhiteElo "2607"]
[BlackElo "2422"]
[TimeControl "180+1"]
[EndTime "9:30:07 PDT"]
[Termination "vladgoncharov won on time"]

1. d4 Nf6 2. c4 e6 3. Nf3 d5 4. Nc3 Bb4 5. Qa4+ Nc6 6. e3 O-O 7. Bd2 dxc4 8. Bxc4 Bd6 9. Rd1 e5 10. d5 Ne7 11. e4 a6 12. O-O Ng6 13. Be2 h6 14. Rfe1 Nh7 15. Qc2 Ng5 16. Nxg5 hxg5 17.
g3 f6 18. Be3 Kf7 19. Na4 Rh8 20. Nc5 Qe7 21. Ne6 Bxe6 22. dxe6+ Kg8 23. Qb3 b5 24. Bg4 Re8 25. Qd5 Nf8 26. Rc1 Nxe6 27. Rc6 Qf7 28. Rxa6 Nd4 29. Bxd4 exd4 30. Qxd4 Qc4 31.
Qxc4+ bxc4 32. Rc6 Rb8 33. Re2 Kh7 34. Bf5+ g6 35. Be6 c3 36. Rxc3 Be5 37. Rcc2 Rhd8 38.
Bd5 Rb4 39. b3 Kh6 40. h3 Rd6 41. Kg2 Ra6 42. a4 c6 43. Be6 Rab6 44. Red2 Rxe4 45. Bc4 Rd4 46. Rxd4 Bxd4 47. Rd2 c5 48. Re2 f5 49. a5 Rb7 50. a6 Ra7 51. Re6 g4 52. hxg4 fxg4 53.
f4 gxf3+ 54. Kxf3 Kg7 55. Ke4 Kf7 56. Rb6+ Ke7 57. Rb7+ Rxb7 58. axb7 1-0

[Event "Early-Titled-Tuesday-Blitz-March-19-2024"]
[Site "Chess.com"]
[Date "2024.03.19"]
[Round "8"]
[White "ChempionBg"]
[Black "AlanZhang"]
[Result "0-1"]
[WhiteElo "2352"]
[BlackElo "2243"]
[TimeControl "180+1"]
[EndTime "9:30:08 PDT"]
[Termination "AlanZhang won on time"]

1. d4 Nf6 2. c4 e6 3. Nf3 d5 4. g3 dxc4 5. Bg2 b5 6. Ne5 c6 7.
Nxc6 Qb6 8. Nxb8 Rxb8 9. Bf4 Bd6 10. Bxd6 Qxd6 11. O-O O-O 12. e4 e5 13. d5 Rd8 14.
Nc3 b4 15. Ne2 a5 16. Rc1 Ba6 17. Re1 Bb5 18. Qd2 a4 19. Qg5 h6 20. Qe3 Rdc8 21. f4 Nd7 22. Bh3 Rc7 23. Bxd7 Bxd7 24. fxe5 Qxe5 25. Qf4 Re8 26. Qxe5 Rxe5 27. Nd4 Rc5 28. Nc2 b3 29. axb3 cxb3 30. Nb4 Rxc1 31. Rxc1 Rxe4 32. Nd3 Rd4 33. Nc5 Rxd5 34. Nxd7 Rxd7 35. Rc8+ Kh7 36. Ra8 Rd2 37. Rxa4 Rxb2 38. Rb4 Kg6 39. Rb5 Kf6 40. h4 g5 41. h5 Kg7 42. Rb6 f6 43. Rb7+ Kf8 44. Kf1 Ke8 45. Ke1 Kd8 46. Kd1 Kc8 47. Rb6 Kc7 48. Rxf6 Rh2 49. Kc1 Rxh5 50. Kb2 Rh3 51.
Rf3 g4 52. Rc3+ Kd6 53. Kxb3 h5 54. Kc4 Ke5 55. Re3+ Kf5 56. Kd5 h4 0-1

[Event "Early-Titled-Tuesday-Blitz-March-19-2024"]
[Site "Chess.com"]
[Date "2024.03.19"]
[Round "8"]
[White "ATM622"]
[Black "Alexei_Gubajdullin"]
[Result "0-1"]
[WhiteElo "2500"]
[BlackElo "2660"]
[TimeControl "180+1"]
[EndTime "9:30:13 PDT"]
[Termination "Alexei_Gubajdullin won on time"]

1. d4 Nf6 2. c4 g6 3. g3 Bg7 4.
Bg2 d6 5. Nf3 O-O 6. O-O Nbd7 7.
Nc3 e5 8. dxe5 dxe5 9. e4 c6 10. Qc2 a5 11. Rd1 Qe7 12. b3 Nc5 13. Ba3 b6 14.
Na4 Rb8 15. Nxc5 bxc5 16. Nd2 Bg4 17. f3 Bc8 18. Rab1 Re8 19. Qc3 Rb4 20. Bxb4 cxb4 21. Qe3 Nd7 22. Nf1 Nc5 23. Rd2 Ne6 24. Qb6 Bh6 25. Rd3 Nd4 26. Qxa5 f5 27. c5 fxe4 28. fxe4 Bg4 29. Qxb4 Be2 30. Rxd4 exd4 31. Qxd4 Rf8 32. Re1 Ba6 33. e5 Qe6 34. Nd2 Bg7 35. Nf3 Qf5 36. Qe4 Qe6 37. Nd4 Qe7 38. b4 Qf7 39. Nf3 Qxa2 40.
Qxc6 Be2 41. Qe4 Bc4 42. e6 Bd5 43. Qe3 Re8 44. e7 Bf6 45. Ne5 Rxe7 46. Bxd5+ Qxd5 47. Qf4 Rxe5 48. Rxe5 Bxe5 49. Qg4 Bd4+ 50. Kf1 Qc4+ 51.
Kg2 Qc2+ 52. Kh3 Qc4 53. Qc8+ Kg7 54. Qd7+ Kh6 55. c6 Qf1+ 56. Kg4 Qe2+ 57. Kh3 Qh5+ 58.
Kg2 Qe2+ 59. Kh3 Bg1 0-1

[Event "Early-Titled-Tuesday-Blitz-March-19-2024"]
[Site "Chess.com"]
[Date "2024.03.19"]
[Round "8"]
[White "Navyblue1"]
[Black "Zampronha1971"]
[Result "1-0"]
[WhiteElo "2228"]
[BlackElo "2299"]
[TimeControl "180+1"]
[EndTime "9:30:21 PDT"]
[Termination "Navyblue1 won on time"]

1. d4 Nf6 2. c4 e6 3. Nf3 b6 4.
g3 Ba6 5. Nbd2 Bb7 6. Bg2 Be7 7. O-O O-O 8. Re1 d5 9. Ne5 Nfd7 10. Nxd7 Qxd7 11. e4 c6 12. b3 Na6 13. Bb2 Nb4 14.
Nf1 Rfd8 15. a3 Na6 16. Ne3 Nc7 17. e5 Rac8 18. Qg4 Kh8 19. Red1 Qe8 20. cxd5 cxd5 21. Rac1 Ba6 22. Bf1 Bxf1 23. Rxf1 Nb5 24. a4 Nc7 25. Qe2 Na8 26. Qd3 Qd7 27. Kg2 Qb7 28. h4 a6 29. Rh1 b5 30. a5 b4 31. h5 h6 32.
Rhg1 Nc7 33. Rc2 Nb5 34. Rgc1 Rxc2 35. Rxc2 Rc8 36. Qd1 Rxc2 37. Qxc2 Qc7 38. Qxc7 Nxc7 39. Nc2 Nb5 40. Kf3 Kg8 41. Ke2 Kf8 42. Kd3 Ke8 43. Bc1 Bd8 44. Nxb4 Bxa5 45. Nc2 Bb6 46. b4 Kd7 47. Bd2 Kc6 48. Be1 Nc7 49. g4 Kb5 50.
Kc3 Ka4 51. Bd2 Nb5+ 52. Kd3 Kb3 53. Be1 Bd8 54. Bd2 Be7 55. f3 Na3 56. Na1+ Ka4 57. f4 Bxb4 58. g5 Bxd2 59. Kxd2 Kb4 60. Kd3 a5 61.
Nc2+ Nxc2 62. Kxc2 Kc4 63. f5 exf5 64. g6 fxg6 65. e6 1-0

[Event "Early-Titled-Tuesday-Blitz-March-19-2024"]
[Site "Chess.com"]
[Date "2024.03.19"]
[Round "8"]
[White "malakismayil"]
[Black "LeRoidesChampions"]
[Result "1-0"]
[WhiteElo "2542"]
[BlackElo "2653"]
[TimeControl "180+1"]
[EndTime "9:30:22 PDT"]
[Termination "malakismayil won by checkmate"]

1. e4 c5 2. Nf3 e6 3. c3 Nf6 4.
e5 Nd5 5. g3 Nc6 6. Bg2 d6 7.
exd6 Qxd6 8. O-O Be7 9. d4 cxd4 10. cxd4 O-O 11. Nc3 Rd8 12. Bg5 h6 13. Be3 Bd7 14.
a3 Nxc3 15. bxc3 Bf6 16. Bf4 Qe7 17. Re1 Qf8 18. Rb1 Qxa3 19. c4 Nxd4 20. Nxd4 Ba4 21. Qf3 Qc5 22. Nb5 Qxc4 23. Nd6 Qc2 24. Qxb7 Qg6 25. Be4 Qh5 26. Qa6 Bd7 27. Bxa8 Rxa8 28. Qb7 Rd8 29. Qe4 Qc5 30. Rec1 Qa5 31. Nb7 Qh5 32.
Nxd8 Bxd8 33. Qa8 Kh7 34. Qxd8 Bb5 35. Rxb5 Qxb5 36. Qd2 f5 37. Qc2 a5 38. Qc4 Qb6 39. Be3 Qb7 40. Qxe6 Qf3 41. Qe5 a4 42. Qf4 Qe2 43. Qxa4 h5 44. Qc2 Qf3 45. Qd1 Qb7 46. Qxh5+ Kg8 47. Qe8+ Kh7 48. Qc6 Qf7 49. Qc5 f4 50.
Bxf4 Qe6 51. Qe3 Qg4 52. Qd3+ g6 53. Rb1 Qc8 54. Rd1 Qe8 55. Qd7+ Qxd7 56. Rxd7+ Kg8 57. Rd6 g5 58. Rg6+ Kh7 59. Rxg5 Kh6 60. Ra5+ Kh7 61. h4 Kg6 62. h5+ Kh7 63. Ra7+ Kg8 64. h6 Kf8 65. h7 Ke8 66. h8=Q# 1-0

[Event "Early-Titled-Tuesday-Blitz-March-19-2024"]
[Site "Chess.com"]
[Date "2024.03.19"]
[Round "8"]
[White "Vaibhavraut99"]
[Black "ketster"]
[Result "0-1"]
[WhiteElo "2700"]
[BlackElo "2578"]
[TimeControl "180+1"]
[EndTime "9:30:23 PDT"]
[Termination "ketster won by checkmate"]

1. e4 c5 2. Nf3 Nf6 3. e5 Nd5 4. d4 cxd4 5. c3 Nc6 6. cxd4 d6 7. exd6 e6 8. Bd3 Bxd6 9. a3 h6 10. O-O O-O 11. Nc3 b6 12. Nxd5 exd5 13. h3 Qf6 14. Be3 Bd7 15. Rc1 Rac8 16. Re1 Rfe8 17. b4 Ne7 18. Ne5 Bxe5 19. dxe5 Qxe5 20. Bxb6 Qb2 21. Bxa7 Qxa3 22. Rxc8 Rxc8 23. Rxe7 Rc1 24. Qxc1 Qxc1+ 25. Kh2 Qc7+ 26. f4 Qxa7 27. Bf5 Qd4 28. Bxd7 Qxf4+ 29. Kh1 Qxb4 30. Re8+ Kh7 31. Bf5+ g6 32. Bg4 Qd6 33. Ra8 d4 34. Ra7 Kg7 35. Rd7 Qe5 36. Bf3 Kf8 37. Bd5 f5 38. Bf3 Qe3 39. Rd8+ Ke7 40. Rh8 d3 41.
Rh7+ Kf6 42. Rd7 d2 43. Kh2 g5 44. Rd6+ Ke7 45. Rd5 Qe1 46. Rxf5 d1=Q 47. Bxd1 Qxd1 48. Rf2 Qd6+ 49. Kh1 Qd4 50. Rf3 Ke6 51. Kh2 h5 52. Kh1 g4 53. hxg4 hxg4 54. Rg3 Kf5 55. Ra3 Qd1+ 56. Kh2 Qd6+ 57. Rg3 Kg5 58. Kh1 Qxg3 59. Kg1 Qe1+ 60. Kh2 g3+ 61. Kh3 Kf4 62. Kh4 Qh1# 0-1

[Event "Early-Titled-Tuesday-Blitz-March-19-2024"]
[Site "Chess.com"]
[Date "2024.03.19"]
[Round "8"]
[White "willcab71"]
[Black "MaxLeto"]
[Result "0-1"]
[WhiteElo "2143"]
[BlackElo "2503"]
[TimeControl "180+1"]
[EndTime "9:30:27 PDT"]
[Termination "MaxLeto won on time"]

1. d4 d5 2. g3 Nf6 3. Bg2 c6 4. Nf3 Bf5 5. O-O e6 6. Nbd2 h6 7. c4 Be7 8. b3 O-O 9. Bb2 Nbd7 10. Rc1 a5 11. a3 b5 12. cxb5 cxb5 13. Re1 Qb6 14. Ne5 Rac8 15. Ndf3 Rc7 16. Nxd7 Nxd7 17. Rxc7 Qxc7 18. Qd2 Nf6 19. Rc1 Qb6 20. Qc3 b4 21. axb4 Bxb4 22. Qc7 Rb8 23. Qxb6 Rxb6 24. Ne5 Rb7 25. Rc8+ Kh7 26. Bc3 Bxc3 27. Rxc3 Ne4 28.
Bxe4 Bxe4 29. f3 Bb1 30. Nd3 Bxd3 31. Rxd3 Kg6 32. Kf2 Kf5 33. Ke3 Rb4 34. g4+ Kg5 35.
Kf2 Kh4 36. Kg2 g6 37. e4 h5 38. gxh5 gxh5 39. exd5 exd5 40. Kf2 f5 41. Kg2 f4 42.
Kh1 Kh3 43. Kg1 h4 44. Kh1 a4 45. Kg1 Rxb3 46. Rd1 a3 47. Ra1 a2 48. Rxa2 Rxf3 49. Ra5 Re3 50. Rxd5 f3 51. Kf2 Rd3 52. Rh5 Rxd4 53.
Kxf3 Rd2 54. Rh6 Rxh2 55. Kf4 Rf2+ 56. Ke3 Rf1 57. Ke2 Rf8 58. Rh7 Kg3 59. Rg7+ Kh2 60.
Rh7 h3 61. Rh6 Rf5 62. Rh5 Rxh5 0-1

[Event "Early-Titled-Tuesday-Blitz-March-19-2024"]
[Site "Chess.com"]
[Date "2024.03.19"]
[Round "8"]
[White "Muracle"]
[Black "ChessSwole"]
[Result "1/2-1/2"]
[WhiteElo "2567"]
[BlackElo "2693"]
[TimeControl "180+1"]
[EndTime "9:30:28 PDT"]
[Termination "Game drawn - insufficient material"]

1. d4 Nf6 2. Nf3 g6 3. g3 Bg7 4. Bg2 O-O 5. O-O d5 6. c4 dxc4 7. Na3 c3 8. bxc3 c5 9. Rb1 Nc6 10. Ne5 Nd5 11. Qb3 Be6 12. Nxc6 bxc6 13. c4 Nb6 14.
dxc5 Nd7 15. Bxc6 Rb8 16. Qe3 Rxb1 17. Nxb1 Ne5 18. Bd5 Nxc4 19. Bxc4 Bxc4 20. Nd2 Bxa2 21. Qa3 Be6 22. Qxa7 Bh3 23. Re1 Qd5 24. e4 Qd3 25. Qxe7 Bc3 26. Qd6 Rd8 27. Qxd3 Rxd3 28. Re3 Rxd2 29. Bxd2 Bxd2 30. Rd3 Ba5 31. c6 Kf8 32. Ra3 Bb6 33. Ra6 Bd4 34. Ra4 Be5 35. f4 Bc7 36.
Kf2 Ke7 37. Kf3 Bc8 38. Rd4 Bb6 39. Rd1 f5 40. e5 Be6 41. h3 Bc7 42. g4 Bc4 43.
gxf5 gxf5 44. Rc1 Bd5+ 45. Kg3 Ke6 46. Rc5 Be4 47. Rc4 Kd5 48. Rc1 Ke6 49. Rc5 Ke7 50. Kh4 Kd8 51. Kg5 Bb6 52. Rc1 Kc7 53. Kf6 Be3 54.
Rc3 Bxf4 55. e6 Bd6 56. e7 Bxe7+ 57. Kxe7 f4 58. Kf6 f3 59. Ke5 f2 60. Rc1 Bg2 61.
Kf6 Bxh3 62. Kg7 h5 63. Kh6 Bg4 64. Rf1 Kxc6 65. Rxf2 Kd5 66. Rh2 Ke4 67. Kg5 Kf3 68. Rh4 Kg3 69. Rxh5 Bxh5 1/2-1/2

[Event "Early-Titled-Tuesday-Blitz-March-19-2024"]
[Site "Chess.com"]
[Date "2024.03.19"]
[Round "8"]
[White "alexrustemov"]
[Black "fandebobbyfischer"]
[Result "1-0"]
[WhiteElo "2875"]
[BlackElo "2688"]
[TimeControl "180+1"]
[EndTime "9:30:29 PDT"]
[Termination "alexrustemov won by resignation"]

1. d4 g6 2. c4 Bg7 3. Nf3 d6 4. g3 Nf6 5. Bg2 O-O 6. Nc3 c5 7. dxc5 dxc5 8. O-O Nc6 9. Bf4 Nh5 10. Be3 b6 11. Qc1 Bb7 12. Rd1 Qc8 13. Bh6 Rd8 14.
Bxg7 Nxg7 15. Rxd8+ Qxd8 16. b3 Rb8 17. Qb2 Nf5 18.
Rd1 Qf8 19. Nd5 Qg7 20. Qd2 e6 21. Nc3 h6 22. e3 Rd8 23. Qc1 Rxd1+ 24. Nxd1 Nb4 25. a3 Na2 26. Qd2 Qa1 27. Ne1 Bxg2 28. Kxg2 Nc1 29. Nc2 Qb1 30. Nc3 Qb2 31. Nd1 Qb1 32.
b4 Nb3 33. Qd3 Kg7 34. Nc3 Qb2 35. Nb5 Nc1 36. Qc3+ Qxc3 37. Nxc3 Nb3 38. Nb5 a6 39. Nc7 Nd6 40. Nxa6 Nxc4 41. bxc5 bxc5 42. Kf1 Kf6 43.
Ke2 Nb6 44. Kd3 Nc1+ 45. Kd2 Nb3+ 46. Kc3 c4 47. Kb4 Nd2 48. Kb5 Nd5 49. Nab4 Nc3+ 50. Kc5 Na4+ 51. Kd4 c3 52. Kd3 Nf3 53. h4 Ne5+ 54.
Kd4 g5 55. hxg5+ hxg5 56. Na2 Nf3+ 57. Kc4 Nd2+ 58. Kb4 Nb2 59. Nxc3 Nd3+ 60. Kb5 Nxf2 61. a4 Nd3 62. a5 g4 63. a6 Nf1 64. a7 Nxg3 65.
a8=Q Nf5 66. Qd8+ Kg6 67. Qxd3 1-0

[Event "Early-Titled-Tuesday-Blitz-March-19-2024"]
[Site "Chess.com"]
[Date "2024.03.19"]
[Round "8"]
[White "Polish_fighter3000"]
[Black "moro182"]
[Result "1/2-1/2"]
[WhiteElo "3147"]
[BlackElo "2866"]
[TimeControl "180+1"]
[EndTime "9:30:34 PDT"]
[Termination "Game drawn - insufficient material"]

1. c4 g6 2. d4 Bg7 3. e4 d6 4. Be2 Nc6 5. Nf3 Bg4 6. Nbd2 Bxf3 7.
Nxf3 e5 8. d5 Nd4 9. Nxd4 exd4 10. O-O Ne7 11. Bd3 O-O 12. Re1 Qd7 13. f4 c6 14. Qb3 Kh8 15. Bd2 f5 16. dxc6 bxc6 17.
Qc2 Rae8 18. b4 fxe4 19. Bxe4 d5 20. Bd3 dxc4 21. Qxc4 Nd5 22. Rxe8 Rxe8 23. Rc1 Nc3 24. Rf1 Qd5 25. f5 Qxc4 26. Bxc4 Ne4 27. Bc1 Nd6 28. Bd3 Nxf5 29. Bf4 Ne3 30. Rc1 Nd5 31. Bd2 Nc3 32. Kf2 Be5 33. g3 Kg7 34. a3 Bf6 35. Kg2 Re7 36. h4 h5 37. Rf1 Ne4 38. Bf4 c5 39. Re1 cxb4 40. Rxe4 Rxe4 41. Bxe4 bxa3 42. Bb1 d3 43. Bd2 Be5 44. Kf3 Kf6 45.
Ba2 Ke7 46. Bc4 Kf6 47. Bg5+ Kg7 48. Bc1 Bb2 49. Bxb2+ axb2 50. Bxd3 Kh6 51. Kf4 a5 52. Bc2 a4 53. Bd3 a3 54. Bb1 Kg7 55. Kg5 Kf7 56.
Bxg6+ Ke6 57. Bb1 Kd5 58. g4 hxg4 59. Kxg4 Kc4 60. Ba2+ Kc3 61. h5 Kc2 62. h6 b1=Q 63. Bxb1+ Kxb1 64. h7 a2 65. h8=Q a1=Q 66. Qh1+ Ka2 67. Qa8+ Kb1 68. Qh1+ Ka2 69. Qa8+ Kb1 70. Qe4+ Ka2 71. Qc4+ Kb1 72. Kf3 Qa3+ 73. Ke2 Qa2+ 74. Kd3 Qxc4+ 75. Kxc4 1/2-1/2